AoeStats
← TOUSHKAN

Arena

509708270Analyzed
3v3 RM · 4d ago on Sep 27, 2026· 46m 0s· 6 players
Game mode
Random Map
Map size
Normal (6 player)
Population
200
Speed
Normal
Resources
Standard
Victory
Conquest
Starting age
Dark Age
Ending age
Imperial Age
RankedLock teamsTeams togetherTeam positionsShared explorationLock speedFull tech treeHidden civsTurbo modeCheats
Victory
Defeat
🇨🇿 Saxons · Czechia
1377
+12
🇨🇿 Bengalis · Czechia
1365
+13
🇨🇿 Persians · Czechia
1295
+16
1414
-18
🇲🇽 Britons · Mexico
1245
-12
🇲🇽 Lithuanians · Mexico
1217
-11
MXTS | Robert Blond
10:24 Feudal Age
15:02 Castle Age
13:22 Double-Bit Axe
16:46 Scale Barding Armor
16:54 Forging
18:44 Scale Barding Armor
18:33 Horse Collar
22:11 Heavy Plow
24:08 Chain Barding Armor
24:24 Iron Casting
24:16 Bloodlines
25:22 Wheelbarrow
30:16 Imperial Age
30:46 Cavalier
31:41 Gold Mining
32:52 Plate Barding Armor
33:21 Hand Cart
32:53 Loom
34:01 Husbandry
34:51 Scale Mail Armor
34:15 Pikeman
34:55 Squires
39:29 Halberdier
40:27 Chain Mail Armor
40:24 Town Watch
41:40 Tower Shields
42:00 Conscription
TOUSHKAN
9:58 Feudal Age
10:54 Feudal Age
11:51 Double-Bit Axe
15:53 Castle Age
14:11 Horse Collar
16:29 Loom
16:45 Stone Mining
18:13 Bow Saw
22:00 Fletching
22:12 Padded Archer Armor
23:59 Gold Mining
27:24 Bodkin Arrow
27:49 Stone Mining
28:34 Murder Holes
29:00 Ballistics
29:00 Leather Archer Armor
34:28 Imperial Age
32:39 Wheelbarrow
32:07 Heavy Plow
33:08 Crossbowman
37:00 Forging
36:56 Scale Barding Armor
37:26 Husbandry
36:46 Cavalier
41:55 Iron Casting
41:26 Scale Barding Armor
44:34 Elite Skirmisher
45:39 Bracer
46:12 Ring Archer Armor
47:21 Chemistry
MXTS | ¿Se vale nuevo DLC?
10:55 Feudal Age
14:34 Castle Age
13:54 Double-Bit Axe
13:49 Horse Collar
15:29 Bow Saw
15:25 Heavy Plow
17:30 Chemistry
16:18 Loom
16:40 Padded Archer Armor
24:27 Town Watch
27:41 Wheelbarrow
36:24 Imperial Age
34:48 Forging
34:42 Arson
34:59 Squires
34:56 Pikeman
35:38 Scale Mail Armor
37:19 Iron Casting
36:59 Chain Mail Armor
39:05 Blast Furnace
42:10 Chain Mail Armor
42:53 Halberdier
Vomastek
10:18 Feudal Age
11:51 Double-Bit Axe
14:21 Castle Age
12:23 Horse Collar
15:46 Bow Saw
15:40 Heavy Plow
21:31 Fletching
22:47 Bodkin Arrow
27:18 Scale Mail Armor
31:20 Squires
33:17 Loom
36:24 Wheelbarrow
36:46 Arson
41:21 Imperial Age
40:47 Gold Mining
40:48 Stone Mining
41:58 Chain Mail Armor
41:54 Forging
41:43 Elite Varangian Guard
41:56 Capped Ram
43:00 Gambesons
44:37 Hand Cart
45:49 Plate Mail Armor
45:55 Iron Casting
Pletron
9:02 Feudal Age
9:41 Double-Bit Axe
11:05 Horse Collar
15:52 Castle Age
16:13 Wheelbarrow
16:45 Bow Saw
27:19 Imperial Age
24:53 Heavy Plow
25:06 Scale Barding Armor
25:52 Forging
25:39 Loom
25:39 Town Watch
26:10 Hand Cart
25:46 Town Watch
26:19 Hand Cart
26:27 Chain Barding Armor
27:40 Iron Casting
27:11 Gold Mining
27:12 Stone Mining
28:05 Bloodlines
28:22 Husbandry
28:58 Heavy Camel Rider
29:13 Cavalier
32:47 Two-Man Saw
34:12 Plate Barding Armor
34:43 Gold Shaft Mining
35:00 Capped Ram
37:41 Blast Furnace
36:55 Siege Ram
37:47 Savar
39:12 Crop Rotation
41:03 Masonry
41:56 Chemistry
43:05 Fletching
Jerry Lee
10:58 Feudal Age
14:37 Castle Age
12:43 Double-Bit Axe
13:22 Horse Collar
18:41 Bow Saw
18:33 Heavy Plow
22:46 Fletching
23:10 Loom
23:45 Bodkin Arrow
24:33 Sanctity
24:16 Gold Mining
26:06 Wheelbarrow
26:21 Stone Mining
27:55 Padded Archer Armor
31:02 Imperial Age
29:45 Gold Shaft Mining
29:28 Leather Archer Armor
29:42 Ballistics
32:08 Bracer
33:17 Two-Man Saw
32:49 Crop Rotation
32:36 Elite Skirmisher
32:40 Elite Elephant Archer
34:19 Ring Archer Armor
35:47 Scale Mail Armor
36:49 Fortified Wall
37:39 Chemistry
36:55 Pikeman
37:36 Squires
37:52 Chain Mail Armor
37:48 Forging
38:04 Masonry
40:00 Conscription
39:54 Paiks
39:22 Halberdier
40:39 Iron Casting
41:18 Siege Elephant
44:44 Architecture
45:39 Blast Furnace
45:56 Hand Cart
Connection lost

Rejoining the realm…

Still unreachable

The connection could not be restored.

Session expired

The server has moved on; the page needs a fresh start.